 Dungeon Sprint DCSS version 0.23.2-40-g277498a (webtiles) character file.

Game seed: 7859423410657667990

2020 silentkaos13 the Summoner (level 9, -4/50 HPs)
             Began as a Kobold Summoner on Oct 1, 2019.
             Was an Elder of Sif Muna.
             Slain by a centaur warrior (7 damage)
             ... in the Dungeon (Sprint I: "Red Sonja").
             The game lasted 00:06:41 (2059 turns).

silentkaos13 the Summoner (Kobold Summoner)         Turns: 2059, Time: 00:06:42

Health: -4/50      AC:  3    Str:  7    XL:     9   Next: 46%
Magic:  14/21      EV: 17    Int: 18    God:    Sif Muna [****..]
Gold:   820        SH:  6    Dex: 15    Spells: 11/25 levels left

rFire    . . .     SeeInvis .   e - +0 dagger
rCold    . . .     Gourm    .   l - +0 buckler
rNeg     . . .     Faith    .   h - +0 leather armour
rPois    .         Spirit   .   (no helmet)
rElec    .         Reflect  .   (no cloak)
rCorr    .         Harm     .   (no gloves)
MR       .....     NoTele   +   (no boots)
Stlth    ++........             (no amulet)
HPRegen  0.16/turn              (no ring)
MPRegen  0.17/turn              (no ring)

@: very slow
A: small, carnivore
a: Divine Energy, Channel Magic, Forget Spell, Renounce Religion


You were in the Dungeon.
You worshipped Sif Muna.
Sif Muna was greatly pleased with you.
You were not hungry.

You visited 1 branch You collected 874 gold pieces.
You spent 54 gold pieces at shops.

Inventory:

Hand Weapons
 e - a +0 dagger (weapon)
 j - a +0 war axe
 m - a +0 blowgun
Missiles
 n - 8 curare-tipped needles
Armour
 a - a +0 robe
 h - a +0 leather armour (worn)
 l - a +0 buckler (worn)
Wands
 b - a wand of polymorph (4)
Scrolls
 i - a scroll of blinking
 k - a scroll of remove curse {unknown}
 o - a scroll of enchant armour {unknown}
Potions
 d - 3 potions of curing
 f - a potion of haste
 g - 2 potions of magic
 p - a potion of invisibility {unknown}
Comestibles
 c - a ration


   Skills:
 + Level 3.0 Fighting
 * Level 5.8 Short Blades
 - Level 0.2 Axes
 - Level 1.2 Throwing
 + Level 3.7 Armour
 + Level 5.9 Dodging
 + Level 8.8 Stealth
 * Level 4.7 Shields
 - Level 0.9 Unarmed Combat
 + Level 8.7 Spellcasting
 + Level 12.2 Summonings
 * Level 5.5 Ice Magic
 * Level 5.2 Air Magic


You had 11 spell levels left.
You knew the following spells:

 Your Spells              Type           Power        Failure   Level  Hunger
a - Summon Small Mammal   Summ           ####         1%          1    None
b - Call Imp              Summ           ######..     1%          2    None
c - Call Canine Familiar  Summ           ######..     1%          3    None
d - Summon Ice Beast      Ice/Summ       #####...     3%          4    ###....
e - Summon Lightning Spi  Summ/Air       #####...     3%          4    ###....

Your spell library contained the following spells:

 Spells                   Type           Power        Failure   Level  Hunger
 Summon Guardian Golem    Hex/Summ       ####....     3%          3    None


Dungeon Overview and Level Annotations

Branches:
Dungeon (1/1)

Altars:
Cheibriados
Dithmenos
Elyvilon
Fedhas
Gozag
Hepliaklqana
Kikubaaqudgha
Makhleb
Nemelex Xobeh
Okawaru
Qazlal
Ru
Sif Muna
Trog
Uskayaw
Vehumet
Wu Jian
Xom
Yredelemnul
Zin
The Shining One
Jiyva
Lugonu

Shops:
D %[[


Innate Abilities, Weirdness & Mutations

You are small and have problems with some larger weapons.
You are carnivorous and can eat meat at any time.


Message History

You catch the helpless centaur warrior completely off-guard!
You impale the centaur warrior!!
You kill the centaur warrior!
Sif Muna accepts your kill.
You can now freely open your mind to new spells.
Your Fighting skill increases to level 3!
Your Short Blades skill increases to level 5!
Your Ice Magic skill increases to level 5!
Your Air Magic skill increases to level 5!
The centaur warrior hits you!
* * * LOW HITPOINT WARNING * * *
Your wolf bites the centaur warrior.
Your iron imp splashes around in the water.
Your ice beast hits the centaur warrior but does no damage.
Okay, then.
You swap places.
You enter the shallow water.
Moving in this stuff is going to be slow.
The centaur warrior misses you.
Your wolf bites the centaur warrior!
The centaur warrior hits you!
You die...

########################
.#..'..#.)'..#__#..'[..#
.)..#..'..#..'..'..#)..#
.#####'#####'#__####...+
.####..#...#.####§(#####
.#__####.)##.#≈≈§§§#
.#_____##'#_.+§§Ych+
⌠#_.∩...'..._#§§@5§#
##_..__##_.#'##§####
#_____###'#.#§§).###
##########.####§###.##
........'...'.....')∩#
#++++####...##########
###.### #.#'#.# #.....#


You could see a centaur warrior, a friendly ice beast, a friendly wolf and a
friendly iron imp.

Vanquished Creatures
  A centaur warrior (D)
  A deep troll (D)
  Ijyb (D)
  A ballistomycete (D)
4 creatures vanquished.

Vanquished Creatures (collateral kills)
  Sonja (D)
  2 kobold demonologists (D)
  A slime creature (D)
  Sigmund (D)
  A yak (D)
  A floating eye (D)
  An ogre (D)
  A jelly (D)
9 creatures vanquished.

Vanquished Creatures (others)
  A gargoyle (D)
  2 ballistomycete spores (D)
3 creatures vanquished.

Grand Total: 16 creatures vanquished

Notes
Turn   | Place    | Note
-------+----------+-------------------------------------------
     0 | D        | silentkaos13 the Kobold Summoner began the quest for the
                  | Orb.
     0 | D        | Reached XP level 1. HP: 10/10 MP: 3/3
     1 | D        | Noticed Ijyb
    15 | D        | Killed Ijyb
    15 | D        | Reached skill level 6 in Summonings
    15 | D        | Reached XP level 2. HP: 11/15 MP: 3/5
    15 | D        | Reached XP level 3. HP: 14/19 MP: 4/7
   163 | D        | Learned a level 2 spell: Call Imp
   167 | D        | Learned a level 3 spell: Call Canine Familiar
   170 | D        | Noticed an ogre
   193 | D        | Killed an ogre
   193 | D        | Reached skill level 7 in Summonings
   193 | D        | Reached XP level 4. HP: 24/24 MP: 0/9
   295 | D        | Noticed Sigmund
   311 | D        | Killed Sigmund
   311 | D        | Reached skill level 9 in Summonings
   311 | D        | Reached XP level 5. HP: 6/28 MP: 9/11
   563 | D        | Found an ornate altar of the Wu Jian Council.
   563 | D        | Found a deep blue altar of Sif Muna.
   565 | D        | Found a radiant altar of Vehumet.
   798 | D        | Became a worshipper of Sif Muna the Loreminder
   817 | D        | Found Jissaif's Armour Emporium.
   817 | D        | Found an ancient bone altar of Kikubaaqudgha.
   817 | D        | Found a hazy altar of Hepliaklqana.
   817 | D        | Found a stormy altar of Qazlal.
   817 | D        | Found a hide-covered altar of Uskayaw.
   817 | D        | Found a blossoming altar of Fedhas.
   817 | D        | Found a bloodstained altar of Trog.
   817 | D        | Found an iron altar of Okawaru.
   817 | D        | Found a basalt altar of Yredelemnul.
   817 | D        | Found a glowing golden altar of the Shining One.
   817 | D        | Found a snail-covered altar of Cheibriados.
   817 | D        | Found a sacrificial altar of Ru.
   817 | D        | Found a glowing silver altar of Zin.
   817 | D        | Found a shadowy altar of Dithmenos.
   817 | D        | Found a white marble altar of Elyvilon.
   817 | D        | Noticed a yak
   818 | D        | Found an opulent altar of Gozag.
   834 | D        | Killed a yak
   834 | D        | Reached skill level 1 in Fighting
   834 | D        | Reached skill level 1 in Armour
   834 | D        | Reached skill level 5 in Stealth
   834 | D        | Reached skill level 5 in Spellcasting
   834 | D        | Reached skill level 10 in Summonings
   834 | D        | Reached XP level 6. HP: 34/34 MP: 4/14
   841 | D        | Found a sparkling altar of Nemelex Xobeh.
   907 | D        | Bought a +0 buckler for 54 gold pieces
   928 | D        | Learned a level 4 spell: Summon Ice Beast
   929 | D        | Found a burning altar of Makhleb.
   929 | D        | Found a viscous altar of Jiyva.
   929 | D        | Found a shimmering altar of Xom.
   929 | D        | Found a corrupted altar of Lugonu.
   929 | D        | Noticed a slime creature
   940 | D        | Killed a slime creature
   940 | D        | Reached * piety under Sif Muna
   940 | D        | Reached skill level 11 in Summonings
   940 | D        | Reached XP level 7. HP: 28/39 MP: 13/16
  1031 | D        | Learned a level 4 spell: Summon Lightning Spire
  1041 | D        | Noticed a kobold demonologist
  1044 | D        | Reached ** piety under Sif Muna
  1044 | D        | Reached skill level 1 in Shields
  1045 | D        | Noticed a kobold demonologist
  1047 | D        | Noticed a sun demon
  1048 | D        | Killed a kobold demonologist
  1048 | D        | Reached skill level 5 in Dodging
  1052 | D        | Killed a kobold demonologist
  1052 | D        | Reached XP level 8. HP: 44/44 MP: 14/19
  1393 | D        | Noticed Sonja
  1401 | D        | Killed Sonja
  1401 | D        | Reached *** piety under Sif Muna
  1555 | D        | Found Zippeb's Food Boutique.
  1571 | D        | Noticed a deep troll
  1594 | D        | Killed a deep troll
  1594 | D        | Reached skill level 1 in Throwing
  1594 | D        | Reached skill level 12 in Summonings
  1594 | D        | Reached XP level 9. HP: 20/49 MP: 16/21
  1616 | D        | Found Ycenux's Armour Emporium.
  1624 | D        | Killed a gargoyle
  2047 | D        | Noticed a centaur warrior
  2050 | D        | Noticed a centaur warrior
  2058 | D        | Killed a centaur warrior
  2058 | D        | Reached **** piety under Sif Muna
  2058 | D        | Reached skill level 5 in Short Blades
  2058 | D        | Reached skill level 5 in Ice Magic
  2058 | D        | Reached skill level 5 in Air Magic
  2059 | D        | Slain by a centaur warrior

Skill      XL: |  1  2  3  4  5  6  7  8  9 |
---------------+----------------------------+-----
Dodging        | 3 4 5 |  5.9
Stealth        | 3 4 5 6 7 8 |  8.8
Summonings     | 6 7 9 10 11 12 | 12.2
Spellcasting   | 3 4 5 6 7 8 |  8.7
Fighting       | 1 2 3 |  3.0
Armour         | 1 2 3 |  3.7
Shields        | 2 4 |  4.7
Ice Magic      | 2 4 5 |  5.5
Air Magic      | 2 4 5 |  5.2
Short Blades   | 4 5 |  5.8
Throwing       | 1 |  1.2
Axes           | |  0.2
Unarmed Combat | |  0.9

Action                   |  1- 3 |  4- 6 |  7- 9 || total
-------------------------+-------+-------+-------++-------
Melee: Unarmed           |    13 |    14 |       ||    27
       War axe           |       |    13 |       ||    13
       Dagger            |       |       |    35 ||    35
 Fire: Blowgun           |       |       |     3 ||     3
 Cast: Call Canine Famil |     3 |     5 |     2 ||    10
       Summon Lightning  |       |       |     2 ||     2
       Call Imp          |       |       |     2 ||     2
       Summon Ice Beast  |       |       |     1 ||     1
  Use: Potion            |     1 |     1 |       ||     2
 Stab: Sleeping          |       |     3 |     2 ||     5
       Distracted        |       |     1 |     1 ||     2
  Eat: Chunk             |       |     6 |       ||     6
Armor: Leather armour    |       |     1 |     2 ||     3
Dodge: Dodged            |     3 |    14 |    13 ||    30
Block: Buckler           |       |     1 |     4 ||     5
